 Dungeon Crawl Stone Soup version 0.24.0-37-gcf1ca852f1 (webtiles) character file.

Game seed: 17263857734301508276, levelgen mode: deterministic

1040 FishyPogo the Insei (level 8, -1/60 HPs)
             Began as a Gnoll Transmuter on Dec 1, 2019.
             Was a Follower of Vehumet.
             Slain by a killer bee (7 damage)
             ... on level 6 of the Dungeon.
             The game lasted 00:14:37 (4075 turns).

FishyPogo the Insei (Gnoll Transmuter)              Turns: 4075, Time: 00:14:37

Health: -1/60      AC:  4    Str: 19    XL:     8   Next: 24%
Magic:  16/16      EV: 15    Int: 17    God:    Vehumet [*.....]
Gold:   163        SH:  0    Dex: 15    Spells: 8/18 levels left

rFire    + . .     SeeInvis +   a - +2 short sword (holy)
rCold    + . .     Gourm    .   (no shield)
rNeg     . . .     Faith    .   b - +0 robe
rPois    +         Spirit   .   c - +1 helmet
rElec    +         Reflect  .   (no cloak)
rCorr    +         Harm     .   (no gloves)
MR       .....                  (no boots)
Stlth    ++........             p - amulet of rage
HPRegen  0.20/turn              (no ring)
MPRegen  0.15/turn              (no ring)

@: mighty, resistant
A: distributed training, fangs 1, see invisible, evolution 1, strong nose
a: Renounce Religion, Evoke Berserk Rage


You were on level 6 of the Dungeon.
You worshipped Vehumet.
Vehumet was aware of your devotion.
You were very hungry.

You visited 1 branch of the dungeon, and saw 6 of its levels.

You collected 207 gold pieces.
You spent 44 gold pieces at shops.

Inventory:

Hand Weapons
 a - a +2 short sword of holy wrath (weapon)
 n - a +1 dagger of venom
Missiles
 f - 138 stones (quivered)
 m - 24 poisoned darts
 r - 2 silver boomerangs
 w - 44 arrows
 A - 4 boomerangs
Armour
 b - a +0 robe (worn)
 c - a +1 helmet (worn)
Jewellery
 p - an amulet of rage (around neck)
Scrolls
 e - 2 scrolls of identify
 h - a scroll of remove curse
 i - a scroll of enchant armour
 l - a scroll of fog
 q - a scroll of immolation
 t - a scroll of enchant weapon
 u - a scroll of teleportation
 y - a scroll of blinking
Potions
 g - 3 potions of curing
 o - a potion of mutation
 s - 2 potions of invisibility
 v - a potion of resistance
 z - a potion of brilliance
Comestibles
 d - 11 rations


   Skills:
 + Level 4.0 Fighting
 + Level 3.0 Short Blades
 + Level 3.0 Long Blades
 + Level 3.0 Axes
 + Level 3.0 Maces & Flails
 + Level 3.0 Polearms
 + Level 3.0 Staves
 + Level 3.0 Slings
 + Level 3.0 Bows
 + Level 3.0 Crossbows
 + Level 3.0 Throwing
 + Level 3.0 Armour
 + Level 5.5 Dodging
 + Level 3.0 Stealth
 + Level 3.0 Shields
 + Level 7.2 Unarmed Combat
 + Level 5.9 Spellcasting
 + Level 2.4 Conjurations
 + Level 2.4 Hexes
 + Level 2.4 Charms
 + Level 2.4 Summonings
 + Level 2.4 Necromancy
 + Level 2.4 Translocations
 + Level 4.5 Transmutations
 + Level 2.4 Fire Magic
 + Level 2.4 Ice Magic
 + Level 2.4 Air Magic
 + Level 2.4 Earth Magic
 + Level 2.4 Poison Magic
 + Level 3.3 Invocations
 + Level 3.0 Evocations


You had 8 spell levels left.
You knew the following spells:

 Your Spells              Type           Power        Failure   Level  Hunger
c - Mephitic Cloud        Conj/Pois/Air  ##......     14%         3    ##.....
k - Call Canine Familiar  Summ           ##......     14%         3    ##.....
u - Spider Form           Tmut/Pois      ###.......   9%          3    ##.....
y - Beastly Appendage     Tmut           ###...       1%          1    None

Your spell library contained the following spells:

 Spells                   Type           Power        Failure   Level  Hunger
 Sting                    Conj/Pois      ##..         4%          1    None
 Sticks to Snakes         Tmut           ###.....     3%          2    None
 Magic Dart               Conj           ##..         4%          1    None
 Summon Small Mammal      Summ           ##..         4%          1    None
 Blink                    Tloc           N/A          7%          2    None
 Call Imp                 Summ           ##......     7%          2    None
 Slow                     Hex            ##......     7%          2    None
 Conjure Flame            Conj/Fire      ##......     14%         3    ##.....
 Summon Guardian Golem    Hex/Summ       ##......     14%         3    ##.....
 Ice Form                 Ice/Tmut       ###.....     30%         4    ####...
 Summon Ice Beast         Ice/Summ       ##......     43%         4    ####...
 Summon Lightning Spire   Summ/Air       ##......     43%         4    ####...
 Blade Hands              Tmut           ###.......   50%         5    #####..


Dungeon Overview and Level Annotations

Branches:
Dungeon (6/15)             Temple (0/1) D:5

Altars:
Cheibriados
Gozag
Sif Muna
Vehumet
Xom

Shops:
D:5 *


Innate Abilities, Weirdness & Mutations

Your experience applies equally to all skills.
You have very sharp teeth.
Your uncanny sense of smell can sniff out nearby items.
You have supernaturally acute eyesight. (SInv)
You evolve.


Message History

You hit the killer bee. You claw the killer bee.
The killer bee is heavily wounded.
Your talons disappear.
The killer bee closely misses you. The killer bee barely misses you.
The giant cockroach bites you but does no damage.
You puncture the killer bee!
You punch the killer bee, but do no damage.
The killer bee is almost dead.
The killer bee stings you.
* * * LOW HITPOINT WARNING * * *
The killer bee misses you. The giant cockroach misses you.
Unknown command.
You feel very mighty all of a sudden. The killer bee misses you.
The giant cockroach barely misses you. The killer bee misses you.
You hit the killer bee.
You kill the killer bee!
Vehumet accepts your kill. The giant cockroach closely misses you.
The killer bee stings you!
You die...

.[# .# #.# #..## #.#
....# #.#
####..###.#########
###≈≈##+.......>....#
+≈≈≈≈≈≈#..#########.#
+≈≈≈≈≈≈#..# #.#
##@..# #.# #ys..# #.#
..y....y#### #.#
...#.#### #.# # #.#
#.# #.# #.#
########.#


You could see 2 killer bees and a giant cockroach.

Vanquished Creatures
  An ice beast (D:6)
  A centaur (D:6)
  An ogre (D:6)
  A scorpion (D:6)
  3 killer bees (D:6)
  A howler monkey (D:5)
  2 crimson imps
  A quasit (D:6)
  2 orc priests (D:5)
  2 orc wizards (D:5)
  2 bullfrog skeletons
  2 hounds (D:4)
  4 worker ants
  2 adders (D:2)
  3 oozes
  An adder skeleton (D:5)
  5 worms
  4 dart slugs
  3 leopard geckos
  8 orcs
  2 ball pythons
  5 giant cockroaches
  5 hobgoblins
  3 jackals (D:2)
  2 quokkas
  8 bats
  4 frilled lizards (D:2)
  9 goblins
  4 kobolds
  A quokka zombie (D:5)
  10 rats
102 creatures vanquished.

Notes
Turn   | Place    | Note
-------+----------+-------------------------------------------
     0 | D:1      | FishyPogo the Gnoll Transmuter began the quest for the Orb.
     0 | D:1      | Reached XP level 1. HP: 17/17 MP: 6/6
    78 | D:1      | Reached XP level 2. HP: 11/23 MP: 7/7
   150 | D:1      | HP: 1/23 [leopard gecko (4)]
   484 | D:1      | Reached XP level 3. HP: 15/28 MP: 9/9
   632 | D:1      | Reached skill level 5 in Spellcasting
   796 | D:2      | Reached skill level 1 in Invocations
   842 | D:2      | Learned a level 3 spell: Spider Form
   935 | D:2      | Reached skill level 1 in Short Blades
   935 | D:2      | Reached skill level 1 in Long Blades
   935 | D:2      | Reached skill level 1 in Axes
   935 | D:2      | Reached skill level 1 in Maces & Flails
   935 | D:2      | Reached skill level 1 in Polearms
   935 | D:2      | Reached skill level 1 in Staves
   935 | D:2      | Reached skill level 1 in Slings
   935 | D:2      | Reached skill level 1 in Bows
   935 | D:2      | Reached skill level 1 in Crossbows
   935 | D:2      | Reached skill level 1 in Throwing
   935 | D:2      | Reached skill level 1 in Armour
   935 | D:2      | Reached skill level 1 in Stealth
   935 | D:2      | Reached skill level 1 in Shields
   935 | D:2      | Reached skill level 1 in Evocations
   935 | D:2      | Reached XP level 4. HP: 19/34 MP: 9/11
  1319 | D:2      | Reached skill level 1 in Conjurations
  1319 | D:2      | Reached skill level 1 in Hexes
  1319 | D:2      | Reached skill level 1 in Charms
  1319 | D:2      | Reached skill level 1 in Summonings
  1319 | D:2      | Reached skill level 1 in Necromancy
  1319 | D:2      | Reached skill level 1 in Translocations
  1319 | D:2      | Reached skill level 1 in Fire Magic
  1319 | D:2      | Reached skill level 1 in Ice Magic
  1319 | D:2      | Reached skill level 1 in Air Magic
  1319 | D:2      | Reached skill level 1 in Earth Magic
  1319 | D:2      | Reached skill level 1 in Poison Magic
  1877 | D:3      | Found a radiant altar of Vehumet.
  1885 | D:3      | Became a worshipper of Vehumet
  2036 | D:3      | Learned a level 3 spell: Call Canine Familiar
  2067 | D:3      | Reached XP level 5. HP: 40/40 MP: 7/12
  2545 | D:4      | Found a shimmering altar of Xom.
  2561 | D:4      | Learned a level 3 spell: Mephitic Cloud
  2611 | D:4      | Found an opulent altar of Gozag.
  3104 | D:4      | Reached XP level 6. HP: 43/47 MP: 13/13
  3441 | D:5      | Entered Level 5 of the Dungeon
  3481 | D:5      | Reached skill level 5 in Dodging
  3510 | D:5      | Found a snail-covered altar of Cheibriados.
  3541 | D:5      | Found a staircase to the Ecumenical Temple.
  3593 | D:5      | Found a shimmering blue altar of Sif Muna.
  3599 | D:5      | Found Jihiruji's Assorted Antiques.
  3610 | D:5      | Bought a silvery potion for 22 gold pieces
  3610 | D:5      | Bought a cyan potion for 22 gold pieces
  3621 | D:5      | Reached XP level 7. HP: 52/52 MP: 11/15
  3624 | D:5      | Reached * piety under Vehumet
  3624 | D:5      | Offered knowledge of Sting by Vehumet.
  3817 | D:6      | Reached skill level 7 in Unarmed Combat
  3877 | D:6      | Reached XP level 8. HP: 42/60 MP: 16/16
  4065 | D:6      | Gained mutation: You evolve. [potion of mutation]
  4065 | D:6      | Gained mutation: You have supernaturally acute eyesight.
                  | (SInv) [potion of mutation]
  4075 | D:6      | Slain by a killer bee

Levels and vault maps discovered:
D:1:      nicolae_arrival_memento_mori, layout_rooms, moated_statue
D:2:      layout_basic, hex_tiny
D:3:      layout_loops_ring, lemuel_coloured_pillars_altar,
          minmay_misc_feat_doors, kennysheep_boxes
D:4:      layout_layer_cave, nicolae_overflow_hidden_temple, xom_teletrap_fun,
          first_ration, minmay_misc_feat_cross
D:5:      layout_basic, lemuel_crystal_altar, cheibriados_altar_1,
          minmay_temple_entry_gardened_gates, serial_shops, shop
D:6:      layout_loops_ring, nicolae_ru_great_annihilating_truth,
          gup_sewer_entry_bowl, hangedman_abyss_or_decor_lesser_grid,
          corexii_hall_statues_deadend, uniq_prince_ribbit1, uniq_grinder,
          uniq_pikel

Skill      XL: |  1  2  3  4  5  6  7  8 |
---------------+-------------------------+-----
Spellcasting   | 5 |  5.9
Invocations    | 1 2 3 |  3.3
Short Blades   | 1 2 3 |  3.0
Long Blades    | 1 2 3 |  3.0
Axes           | 1 2 3 |  3.0
Maces & Flails | 1 2 3 |  3.0
Polearms       | 1 2 3 |  3.0
Staves         | 1 2 3 |  3.0
Slings         | 1 2 3 |  3.0
Bows           | 1 2 3 |  3.0
Crossbows      | 1 2 3 |  3.0
Throwing       | 1 2 3 |  3.0
Armour         | 1 2 3 |  3.0
Stealth        | 1 2 3 |  3.0
Shields        | 1 2 3 |  3.0
Evocations     | 1 2 3 |  3.0
Conjurations   | 1 2 |  2.4
Hexes          | 1 2 |  2.4
Charms         | 1 2 |  2.4
Summonings     | 1 2 |  2.4
Necromancy     | 1 2 |  2.4
Translocations | 1 2 |  2.4
Fire Magic     | 1 2 |  2.4
Ice Magic      | 1 2 |  2.4
Air Magic      | 1 2 |  2.4
Earth Magic    | 1 2 |  2.4
Poison Magic   | 1 2 |  2.4
Fighting       | 3 4 |  4.0
Transmutations | 4 |  4.5
Dodging        | 5 |  5.5
Unarmed Combat | 7 |  7.2

Action                   |  1- 3 |  4- 6 |  7- 9 || total
-------------------------+-------+-------+-------++-------
Melee: Unarmed           |    16 |    67 |    20 ||   103
       Punch             |     3 |     3 |     2 ||     8
       Short sword       |    64 |    29 |    38 ||   131
       Headbutt          |     5 |     1 |       ||     6
       Kick              |     4 |    20 |     9 ||    33
       Bite              |     4 |     6 |     3 ||    13
       Dagger            |       |    51 |       ||    51
 Cast: Beastly Appendage |    16 |    18 |     3 ||    37
       Spider Form       |       |    14 |     1 ||    15
  Use: Scroll            |       |       |    12 ||    12
       Potion            |       |       |     5 ||     5
 Stab: Sleeping          |     1 |     4 |       ||     5
  Eat: Chunk             |       |    10 |       ||    10
Armor: Robe              |     8 |     7 |    17 ||    32
       Skin              |       |     1 |       ||     1
Dodge: Dodged            |    50 |   113 |   100 ||   263
